 Dungeon Crawl Stone Soup version 0.19-a0-36-g4a0968a (webtiles) character file.

1409 M4edhros the Covert (level 8, -4/54 HPs)
             Began as an Octopode Artificer on May 4, 2016.
             Was an Initiate of Gozag.
             Killed from afar by namelastname112's ghost (36 damage)
             ... with a bolt of negative energy
             ... on level 6 of the Dungeon.
             The game lasted 00:09:20 (6578 turns).

M4edhros the Covert (Octopode Artificer)            Turns: 6578, Time: 00:09:20

Health: -4/54      AC:  3    Str: 13    XL:     8   Next: 70%
Magic:  19/19      EV: 13    Int: 14    God:    Gozag
Gold:   410        SH:  0    Dex: 14    Spells: 0 memorised, 7 levels left

rFire  + . .     SeeInvis .     g - +3 hunting sling (flame)
rCold  x . .     Gourm    .     (no shield)
rNeg   . . .     Faith    .     r - +2 hat
rPois  .         Spirit   .     s - amulet of magic regeneration
rElec  .         Dismiss  .     l - ring of magical power
rCorr  .         Reflect  .     o - +2 ring of strength
SustAt .         Harm     .     (no ring)
MR     .....                    j - ring of fire
Stlth  ++++++....               (no ring)
                                (no ring)
                                (no ring)
                                (no ring)

@: about to teleport, gold aura, very slightly contaminated, heavily drained,
not resistant to hostile enchantments, very stealthy
A: almost no armour, amphibious, 8 rings, constrict 8, camouflage 1, gelatinous
body 1
a: Potion Petition, Call Merchant, Bribe Branch, Renounce Religion


You were on level 6 of the Dungeon.
You worshipped Gozag.
Gozag was noncommittal.
You were very hungry.

You visited 2 branches of the dungeon, and saw 7 of its levels.

You collected 457 gold pieces.
You paid 47 gold pieces to Gozag.

Inventory:

Hand Weapons
 a - a +0 short sword
 g - a +3 hunting sling of flaming (weapon)
Missiles
 y - 150 stones (quivered)
Armour
 r - a +2 hat (worn)
Jewellery
 j - a ring of fire (on tentacle)
 l - a ring of magical power (left tentacle)
 o - a +2 ring of strength (right tentacle)
 s - an amulet of magic regeneration (around mantle)
 F - a +1 ring of evasion {unknown}
Wands
 b - a wand of flame (11/48)
 c - a wand of enslavement (11/24)
 d - a wand of random effects (15/48)
 B - a wand of lightning (5/15)
 C - a wand of iceblast (7/15)
Scrolls
 e - 3 scrolls of remove curse
 h - a scroll of fog
 i - 2 scrolls of teleportation
 k - 3 scrolls of blinking
 m - 2 scrolls of noise {unknown}
 n - 4 scrolls of recharging
 q - a scroll of enchant weapon
 v - a scroll of magic mapping {unknown}
 w - 2 scrolls of random uselessness
 A - a scroll of fear {unknown}
Potions
 u - a potion of cancellation
 x - a potion of degeneration {unknown}
 z - 2 potions of curing
 D - a potion of lignification {unknown}
Books
 E - a Fen Folio

   Spells                             Type                      Level
   a - Corpse Rot                     Necromancy                   2
   b - Stone Arrow                    Conjuration/Earth            3
   c - Leda's Liquefaction            Hexes/Earth                  4
   d - Summon Forest                  Summoning/Translocation      5
   e - Hydra Form                     Transmutation                6
   f - Summon Hydra                   Summoning                    7
Comestibles
 f - 12 bread rations
 p - 2 beef jerkies
 t - a slice of pizza


   Skills:
 + Level 3.7(2.4) Fighting
 - Level 1.0(0.0) Short Blades
 * Level 3.6(2.3) Slings
 + Level 4.2(2.9) Dodging
 - Level 11.2(9.7) Stealth
 - Level 3.2(2.0) Evocations


You had 7 spell levels left.
You didn't know any spells.

Dungeon Overview and Level Annotations

Branches:
Dungeon (6/15)             Temple (1/1) D:5

Altars:
Cheibriados
Dithmenos
Elyvilon
Gozag
Kikubaaqudgha
Okawaru
Qazlal
Ru
Sif Muna
Vehumet
Xom
Yredelemnul
The Shining One

Annotations:
D:6 namelastname112's ghost, novice DrWn


Innate Abilities, Weirdness & Mutations

You cannot wear most types of armour.
You are amphibious.
You can wear up to eight rings at the same time.
You can use your tentacles to constrict eight enemies at once.
Your skin changes colour to match your surroundings (Stealth).
Your rubbery body absorbs attacks (AC +1).


Message History

Read which item? (? for menu, Esc to quit)
Blink to where?
Press: ? - help, Dir - move target cursor, p - namelastname112's ghost You are very lightly contaminated with residual magic.
As you read the scroll of blinking, it crumbles to dust.
Drink which item? (? for menu, Esc to quit)
Okay, then.
Read which item? (? for menu, Esc to quit)
As you read the scroll of teleportation, it crumbles to dust.
You feel strangely unstable.
You feel yourself speed up.
Drink which item? (? for menu, Esc to quit)
You can't drink that!
Drink which item? (? for menu, Esc to quit)
It was a potion of curing.
You feel better.
Namelastname112's ghost breathes negative energy at you.
The bolt of negative energy hits you!
You feel drained.
Ouch! That really hurt!
You die...
Your body crumbles into a pile of gold.

#.$......#####.#######.####
#........##....####....#
#.................#....#
#....W......).....#....#
#..........###.##.#....# ##
#..........# #.##.#....# #.
#..........# #.##.#....# #.
#..........###.##......# #.
#.........@.##.####....# #.
............##.# #[...# #.
#######...##.# #....# #.
#...# #....# #. #....
#....# #. ...#.# ###### #.
##.#.. #. #.##.. #. #.


You could see namelastname112's ghost.

Vanquished Creatures
  Grinder (D:3)
  Edmund (D:6)
  An ogre (D:4)
  A phantom (D:6)
  A scorpion (D:5)
  5 wights (D:5)
  A howler monkey (D:6)
  4 hounds
  A jelly (D:4)
  2 orc wizards (D:4)
  2 orc priests
  A giant frog skeleton (D:5)
  2 worker ants
  Natasha (thrice) (D:4)
  2 adders
  A howler monkey skeleton (D:5)
  A shadow imp (D:5)
  2 oozes (D:3)
  2 adder skeletons (D:4)
  4 worms
  3 dart slugs
  2 giant geckos
  21 orcs
  7 giant cockroaches
  11 hobgoblins
  6 jackals (D:2)
  4 kobolds
  3 quokkas
  A ball python (D:3)
  4 bats
  A giant gecko zombie (D:5)
  A giant newt (D:1)
  14 goblins
  33 rats
149 creatures vanquished.

Vanquished Creatures (others)
  An orc wizard (D:6)
  An adder (D:2)
2 creatures vanquished.

Grand Total: 151 creatures vanquished

Notes
Turn   | Place    | Note
--------------------------------------------------------------
     0 | D:1      | M4edhros the Octopode Artificer began the quest for the Orb.
     0 | D:1      | Reached XP level 1. HP: 13/13 MP: 3/3
    45 | D:1      | Reached skill level 2 in Stealth
   278 | D:1      | Reached skill level 3 in Stealth
   278 | D:1      | Reached XP level 2. HP: 11/18 MP: 4/4
  1395 | D:2      | Reached skill level 4 in Stealth
  1398 | D:2      | Reached XP level 3. HP: 14/23 MP: 5/5
  1759 | D:2      | Reached skill level 5 in Stealth
  2028 | D:3      | Reached XP level 4. HP: 27/28 MP: 6/6
  2351 | D:3      | Reached skill level 6 in Stealth
  2461 | D:3      | Noticed Grinder
  2476 | D:3      | Killed Grinder
  2476 | D:3      | Reached skill level 8 in Stealth
  2476 | D:3      | Reached XP level 5. HP: 5/33 MP: 7/7
  2476 | D:3      | Reached XP level 6. HP: 6/38 MP: 8/8
  2800 | D:3      | Reached skill level 9 in Stealth
  3008 | D:4      | Reached skill level 10 in Stealth
  3008 | D:4      | Reached XP level 7. HP: 33/43 MP: 9/9
  3096 | D:4      | Noticed Natasha
  3102 | D:4      | Killed Natasha
  3119 | D:4      | Noticed Natasha
  3135 | D:4      | Killed Natasha
  3276 | D:4      | Noticed Natasha
  3284 | D:4      | Killed Natasha
  3480 | D:4      | Reached skill level 11 in Stealth
  3812 | D:5      | Entered Level 5 of the Dungeon
  4021 | D:5      | Reached XP level 8. HP: 5/51 MP: 10/10
  4353 | D:5      | Found a staircase to the Ecumenical Temple.
  4392 | Temple   | Entered the Ecumenical Temple
  4439 | Temple   | Became a worshipper of Gozag Ym Sagoz the Greedy
  5432 | D:5      | Reached skill level 1 in Slings
  6138 | D:5      | Found a glowing golden altar of the Shining One.
  6287 | D:6      | Noticed Edmund
  6304 | D:6      | Killed Edmund
  6491 | D:6      | Noticed namelastname112's ghost (novice DrWn)
  6578 | D:6      | Killed from afar by namelastname112's ghost

Vault maps used:
D:1:      noname_arrival_rooms_in_the_neighbourhood
D:2:      hangedman_glass_teeth, glass_columns_b, kennysheep_nondescript,
          minmay_statues_item, minmay_rat_hole
D:3:      hangedman_decor_push, uniq_grinder
D:4:      uniq_natasha
D:5:      tso_altar, minmay_temple_entry_enclosed_plants, first_bread
D:6:      uniq_edmund
Temple:   circular_temple_12

Skill      XL: |  1  2  3  4  5  6  7  8 |
---------------+-------------------------+-----
Stealth        | 3 4 5 8 10 11 | 11.2
Fighting       | 2 3 |  3.7
Dodging        | 3 4 |  4.2
Slings         | 3 |  3.6
Short Blades   | |  1.0
Evocations     | |  3.2

Action                   |  1- 3 |  4- 6 |  7- 9 || total
-------------------------+-------+-------+-------++-------
Melee: Short sword       |    94 |    52 |   136 ||   282
       Constrict         |    28 |    11 |    31 ||    70
       Tentacles         |    14 |     7 |    35 ||    56
 Fire: Hunting sling     |       |       |    98 ||    98
Evoke: Wand              |     1 |     3 |     4 ||     8
  Use: Potion            |       |     1 |     3 ||     4
       Scroll            |       |       |    12 ||    12
 Stab: Sleeping          |     5 |    14 |    12 ||    31
       Distracted        |       |       |     3 ||     3
  Eat: Chunk             |     3 |     3 |     4 ||    10
       Pizza             |       |       |     2 ||     2
       Royal jelly       |       |       |     1 ||     1
       Beef jerky        |       |       |     1 ||     1
Armor: Skin              |     5 |     3 |    13 ||    21
Dodge: Dodged            |    46 |    18 |    86 ||   150
